 Dungeon Sprint DCSS version 0.25-b1-37-g2669288c55 (webtiles) character file.

Game seed: 17905715788161401016

25 Chiseanne the Magician (level 2, -1/19 HPs)
             Began as a Demonspawn Wanderer on June 4, 2020.
             Slain by an ogre
             ... wielding a +0 giant club
              (20 damage)
             ... in the Dungeon (Sprint I: "Red Sonja").
             The game lasted 00:01:16 (292 turns).

Chiseanne the Magician (Demonspawn Wanderer)         Turns: 292, Time: 00:01:16

Health: -1/19      AC:  2    Str: 14    XL:     2   Next: 82%
Magic:  4/9        EV: 11    Int: 13    God:
Gold:   0          SH:  0    Dex: 10    Spells: 11/13 levels left

rFire    . . .     SeeInvis .   a - +0 club
rCold    . . .     Gourm    .   (no shield)
rNeg     . . .     Faith    .   d - +0 robe
rPois    .         Spirit   .   (no helmet)
rElec    .         Reflect  .   (no cloak)
rCorr    .         Harm     .   (no gloves)
MR       .....     NoTele   +   (no boots)
Stlth    +.........             (no amulet)
HPRegen  0.06/turn              (no ring)
MPRegen  0.11/turn              (no ring)

@: very slightly contaminated
A: claws 1
a: no special abilities


You were in the Dungeon.
You were not hungry.

You visited 1 branch

Inventory:

Hand Weapons
 a - a +0 club (weapon)
Armour
 d - a +0 robe (worn)
Scrolls
 l - a scroll of blinking
Potions
 g - a potion of curing
 h - a potion of heal wounds
 i - a potion of haste
 j - 2 potions of magic
Comestibles
 f - a ration


   Skills:
 * Level 0.0 Fighting
 * Level 0.0 Dodging
 - Level 6.1 Spellcasting
 - Level 1.0 Conjurations
   Level 2.1 Necromancy
   Level 1.7 Translocations
   Level 2.0 Evocations


You had 11 spell levels left.
You knew the following spells:

 Your Spells              Type           Power        Failure   Level  Hunger
a - Magic Dart            Conj           #...         11%         1    None
b - Summon Small Mammal   Summ           #...         17%         1    None

Your spell library contained the following spells:

 Spells                   Type           Power        Failure   Level  Hunger
 Sublimation of Blood     Necr           #.........   11%         2    ##.....
 Corpse Rot               Necr/Air       N/A          16%         2    ##.....
 Searing Ray              Conj           #.....       17%         2    ##.....
 Recall                   Summ/Tloc      N/A          34%         3    ###....
 Dazzling Flash           Conj/Hex       #.....       38%         3    ###....
 Iskenderun's Mystic Bla  Conj/Tloc      #.......     67%         4    ####...
 Fulminant Prism          Conj/Hex       #.........   80%         4    ####...


Dungeon Overview and Level Annotations

Branches:
Dungeon (1/1)

Altars:


Innate Abilities, Weirdness & Mutations

You have sharp fingernails.


Message History

Your rat barely misses the ogre.
The ogre hits your rat with a +0 giant club!
Your rat dies!
Your rat's corpse disappears in a puff of smoke!
Casting: Magic Dart (safe; 11% risk of failure)
Confirm with . or Enter, or press ? or * to list all spells.
Your rat bites the ogre.
Your rat bites the ogre.
There is an open door, spattered with blood here.
Things that are here:
a +0 club; a cursed -1 ring mail You swap places.
Your bat hits the ogre but does no damage.
Your bat hits the ogre. You closely miss the ogre.
The ogre is moderately wounded.
Your bat hits the ogre but does no damage.
The ogre hits you with a +0 giant club!!
Ouch! That really hurt!
You die...

##########
#<.#..'..#
#.@Or.#..+
#..#### +#
#..# #.b#
#..# #⌠⌠#
####


You could see an ogre, a friendly bat (summoned) and a friendly rat (summoned).

Vanquished Creatures
  Ijyb (D)
1 creature vanquished.

Notes
Turn   | Place    | Note
-------+----------+-------------------------------------------
     0 | D        | Chiseanne the Demonspawn Wanderer began the quest for the
                  | Orb.
     0 | D        | Chiseanne set off with the following items: a +0 club, a +0
                  | robe, a ration, a potion of curing, a potion of heal
                  | wounds, a potion of haste, 2 potions of magic, a potion of
                  | berserk rage, a scroll of blinking; and the following
                  | spells available to memorise: Sublimation of Blood, Magic
                  | Dart, Summon Small Mammal, Corpse Rot, Searing Ray, Recall,
                  | Dazzling Flash, Iskenderun's Mystic Blast, Fulminant Prism
     0 | D        | Reached XP level 1. HP: 13/13 MP: 4/4
     3 | D        | Learned a level 1 spell: Magic Dart
     3 | D        | Noticed Ijyb
    23 | D        | Killed Ijyb
    23 | D        | Reached skill level 6 in Spellcasting
    23 | D        | Gained mutation: You have sharp fingernails. [demonic
                  | ancestry]
    23 | D        | Reached XP level 2. HP: 4/19 MP: 1/9
   281 | D        | Learned a level 1 spell: Summon Small Mammal
   285 | D        | Noticed an ogre
   292 | D        | Slain by an ogre

Illustrated notes

Levels and vault maps discovered:
D:        dungeon_sprint_1 [red_sonja_temple_1, red_sonja_temple_small_1]

Skill      XL: |  1 |
---------------+----+-----
Spellcasting   | 6 |  6.1
Conjurations   | |  1.0
Necromancy     | |  2.1
Translocations | |  1.7
Evocations     | |  2.0

Action                   || total
-------------------------++-------
Melee: Club              ||    16
 Cast: Magic Dart        ||     5
       Summon Small Mamm ||     3
  Use: Potion            ||     1
Armor: Robe              ||     1
Dodge: Dodged            ||     5
